 Dungeon Crawl Stone Soup version 0.25-a0-189-gf71692caf1 (webtiles) character file.

Game seed: 9906511258510612368, levelgen mode: deterministic

16 sankara the Insei (level 2, 13/21 HPs)
             Began as a Demonspawn Transmuter on Nov 29, 2019.
             Got out of the dungeon alive.
             The game lasted 00:04:16 (350 turns).

sankara the Insei (Demonspawn Transmuter)            Turns: 350, Time: 00:04:16

Health: 13/21      AC:  2    Str: 10    XL:     2   Next: 41%
Magic:  5/5        EV: 12    Int: 14    God:
Gold:   18         SH:  0    Dex: 13    Spells: 4/5 levels left

rFire    . . .     SeeInvis .     - Unarmed
rCold    . . .     Gourm    .   (no shield)
rNeg     . . .     Faith    .   b - +0 robe
rPois    .         Spirit   .   (no helmet)
rElec    .         Reflect  .   (no cloak)
rCorr    .         Harm     .   (no gloves)
MR       .....                  (no boots)
Stlth    +.........             (no amulet)
HPRegen  0.07/turn              (no ring)
MPRegen  0.09/turn              (no ring)

@: no status effects
A: hooves 1
a: no special abilities


You escaped.
You were not hungry.

You visited 1 branch of the dungeon, and saw 1 of its levels.

You collected 18 gold pieces.

Inventory:

Missiles
 a - 12 arrows
 e - 18 stones (quivered)
Armour
 b - a +0 robe (worn)
Scrolls
 f - a scroll of fog {unknown}
Comestibles
 c - 5 chunks of flesh {@w0}
 d - 2 rations


   Skills:
 - Level 1.0 Fighting
 - Level 1.7 Dodging
 + Level 3.5 Unarmed Combat
 - Level 2.0 Spellcasting
 - Level 1.7 Transmutations


You had 4 spell levels left.
You knew the following spells:

 Your Spells              Type           Power        Failure   Level  Hunger
a - Beastly Appendage     Tmut           #.....       12%         1    ##.....

Your spell library contained the following spells:

 Spells                   Type           Power        Failure   Level  Hunger
 Sticks to Snakes         Tmut           #.......     17%         2    ###....
 Spider Form              Tmut/Pois      #.........   45%         3    ####...
 Ice Form                 Ice/Tmut       #.......     86%         4    #####..
 Blade Hands              Tmut           #.........   97%         5    ######.


Dungeon Overview and Level Annotations

Branches:
Dungeon (1/15)

Altars:


Innate Abilities, Weirdness & Mutations

You have large cloven feet.


Message History

You kill the goblin!
Things that are here:
a +0 dagger; a goblin corpse
Things that are here:
a +0 dagger; a goblin corpse The rat misses you.
You see here a rat corpse.
The rat misses you.
Your horns disappear.
The rat barely misses you.
You hit the rat but do no damage. The rat bites you.
You closely miss the rat. You kick the rat.
You kill the rat!
You see here a rat corpse.
f - a scroll labeled ZURIAQUMEO You now have 4 gold pieces.
You now have 18 gold pieces (gained 14).
d - 2 rations (gained 1) As you open the door, it creaks loudly!
Key pressed, stopping explore.
There is an open door here.
Some of the chunks of flesh in your inventory have rotted away.
A jackal comes into view.
The jackal barks!
A hobgoblin comes into view. It is wielding a +0 club.
The jackal moves out of view.
A jackal comes into view.
There are monsters nearby!
You hit the jackal but do no damage. The jackal bites you.
You hit the hobgoblin but do no damage. The jackal barely misses you.
The hobgoblin hits you with a +0 club.
You hit the hobgoblin but do no damage.
The jackal bites you but does no damage.
The hobgoblin hits you but does no damage.
You barely miss the hobgoblin. Your kick misses the hobgoblin.
The jackal bites you but does no damage.
The hobgoblin barely misses you. The jackal bites you.
Casting: Beastly Appendage (safe; 12% risk of failure)
Confirm with . or Enter, or press ? or * to list all spells.
You grow a pair of large bovine horns.
The jackal closely misses you.
You are too injured to fight recklessly!
You are too injured to fight recklessly!
You are too injured to fight recklessly!
You are too injured to fight recklessly!
You are too injured to fight recklessly!
You closely miss the jackal. The jackal bites you.
The jackal barely misses you.
You hit the jackal.
The jackal is severely wounded.
The jackal barely misses you.
You hit the jackal.
The jackal is almost dead.
The jackal closely misses you.
You hit the jackal but do no damage.
The jackal is almost dead.
The jackal bites you. x2
You hit the jackal but do no damage.
The jackal is almost dead.
The jackal bites you.
You hit the jackal.
You kill the jackal!
Your transformation is almost over.
You hit the jackal but do no damage. Your kick misses the jackal.
The jackal bites you but does no damage.
You hit the jackal but do no damage. Your kick misses the jackal.
The jackal closely misses you. The jackal completely misses you.
You closely miss the jackal.
The jackal bites you but does no damage.
You hit the jackal but do no damage. The jackal closely misses you.
You closely miss the jackal. You kick the jackal, but do no damage.
The jackal barely misses you. The jackal bites you.
You closely miss the jackal. The jackal bites you.
You hit the jackal. You headbutt the jackal.
You kill the jackal!
You hit the hobgoblin. You kick the hobgoblin.
The hobgoblin is almost dead.
Your horns disappear.
You closely miss the hobgoblin. You kick the hobgoblin.
You kill the hobgoblin!
Things that are here:
a +0 club; a hobgoblin corpse; a jackal corpse
Things that are here:
a +0 club; a hobgoblin corpse; a jackal corpse You butcher the hobgoblin corpse.
c - 4 chunks of flesh {@w0} (gained 1)
Things that are here:
a +0 club; a hobgoblin skeleton; a jackal corpse You butcher the jackal corpse.
c - 5 chunks of flesh {@w0} (gained 1)
Things that are here:
a +0 club; a hobgoblin skeleton; a jackal skeleton Welcome back, sankara the Demonspawn Transmuter.
Press ? for a list of commands and other information.
There is an open door here.
There is a staircase leading out of the dungeon here.
Are you sure you want to leave the Dungeon?
This will make you lose the game!
Alright, then stay!
Are you sure you want to leave the Dungeon?
This will make you lose the game!
You have escaped!

#............#.##.#...####.##
#######.#....#...............
....>...###.......#.#.####.#
#####P.............P#.÷....#
#≈P...........P≈#######..
#≈≈P.........P≈≈#
#≈≈≈P.......P≈≈≈# .......
#≈≈≈≈P.....P≈≈≈≈#
.......##≈≈≈≈≈P.@.P≈≈≈≈≈#
........#≈≈≈≈P.....P≈≈≈≈#
........#≈≈≈P.......P≈≈≈#
........#≈≈P.........P≈≈#
........#≈P...........P≈#
........#P.............P#
........########.########.#
.....[..# #..........#
.......†###########.######


There were no monsters in sight!

Vanquished Creatures
  A dart slug (D:1)
  2 giant cockroaches (D:1)
  2 hobgoblins (D:1)
  2 jackals (D:1)
  2 bats (D:1)
  2 goblins (D:1)
  2 rats (D:1)
13 creatures vanquished.

Notes
Turn   | Place    | Note
-------+----------+-------------------------------------------
     0 | D:1      | sankara the Demonspawn Transmuter began the quest for the
                  | Orb.
     0 | D:1      | Reached XP level 1. HP: 15/15 MP: 3/3
   153 | D:1      | Reached skill level 3 in Unarmed Combat
   175 | D:1      | Gained mutation: You have large cloven feet. [demonic
                  | ancestry]
   175 | D:1      | Reached XP level 2. HP: 21/21 MP: 3/5
   350 | D:$      | Got out of the dungeon alive.

Levels and vault maps discovered:
D:1:      eino_arrival_druids_welcome, layout_basic

Skill      XL: |  1 |
---------------+----+-----
Unarmed Combat | 3 |  3.5
Fighting       | |  1.0
Dodging        | |  1.7
Spellcasting   | |  2.0
Transmutations | |  1.7

Action                   || total
-------------------------++-------
Melee: Unarmed           ||    48
       Headbutt          ||     6
       Kick              ||     6
 Cast: Beastly Appendage ||     5
Armor: Robe              ||     9
Dodge: Dodged            ||    26

Table legend:
 A = Non-vault XP
 B = Vault XP
 C = Vault XP percentage of total XP
 D = Non-vault monster count
 E = Vault monster count
 F = Vault count percentage of total count
                 A         B        C        D         E       F
            +---------+---------+-------+---------+---------+-------
      Total |      24 |       0 |   0.0 |      13 |       0 |   0.0
            +---------+---------+-------+---------+---------+-------
        D:1 |      24 |       0 |   0.0 |      13 |       0 |   0.0
            +---------+---------+-------+---------+---------+-------

Levels and vault maps discovered:
D:1:      eino_arrival_druids_welcome, layout_basic

Table legend:
 A = Turns spent in this place as a percentage of turns spent in the entire game.
 B = Non-inter-level travel turns spent in this place as a percentage of non-inter-level travel turns spent in the entire game.
 C = Inter-level travel turns spent in this place as a percentage of turns spent in this place.
 D = Turns resting spent in this place as a percentage of non-inter-level travel turns spent in this place.
 E = Turns spent auto-exploring this place as a percentage of non-inter-level travel turns spent in this place.
 F = Non-inter-level travel turns spent in this place divided by the number of levels of this place that you've seen.
                   A       B       C       D       E      F
               +-------+-------+-------+-------+-------+----------------------
         Total | 100.0 | 100.0 |  16.9 |  29.6 |  30.9 | 291.0
       Dungeon | 100.0 | 100.0 |  16.9 |  29.6 |  30.9 | 291.0
               +-------+-------+-------+-------+-------+----------------------

Table legend:
 A = Kills in this place as a percentage of kills in entire the game.
 B = Kills by you in this place as a percentage of kills by you in the entire game.
 C = Kills by friends in this place as a percentage of kills by friends in the entire game.
 D = Other kills in this place as a percentage of other kills in the entire game.
 E = Experience gained in this place as a percentage of experience gained in the entire game.
 F = Experience gained in this place divided by the number of levels of this place that you have seen.
                   A       B       C       D       E      F
               +-------+-------+-------+-------+-------+----------------------
         Total | 100.0 | 100.0 |   N/A |   N/A | 100.0 |  24.0
       Dungeon | 100.0 | 100.0 |   N/A |   N/A | 100.0 |  24.0
               +-------+-------+-------+-------+-------+----------------------
